 Dungeon Crawl Stone Soup version 0.15-a0-674-g7948ca6 (webtiles) character file.

386 Quh the Archer (level 6, -13/38 HPs)
             Began as a High Elf Hunter on May 9, 2014.
             Mangled by Prince Ribbit (18 damage)
             ... on Level 4 of the Dungeon.
             The game lasted 00:15:26 (3022 turns).

Quh the Archer (High Elf Hunter)                    Turns: 3022, Time: 00:15:26

HP -13/38        AC  5     Str 13      XL: 6   Next: 48%
MP  10/10        EV 11     Int 15      God:
Gold 155         SH  0     Dex 16      Spells:  0 memorised,  5 levels left

rFire  . . .     SeeInvis .     a - +2,+1 dagger (venom)
rCold  . . .     Clarity  .     m - +1 leather armour
rNeg   . . .     Conserve .     (no shield)
rPois  .         rCorr    .     (no helmet)
rElec  .         rRot     .     p - +0 cloak
SustAb . .       Spirit   .     (no gloves)
rMut   .         Warding  .     (no boots)
Saprov . . .     Stasis   .     (no amulet)
MR     .....                    (no ring)
                                (no ring)

@: not resistant to hostile enchantments, unstealthy
A: no striking features
a: no special abilities


You were on level 4 of the Dungeon.
You were not hungry.

You visited 1 branch of the dungeon, and saw 4 of its levels.

You collected 155 gold pieces.

Inventory:

Hand weapons
 a - a +2,+1 dagger of venom (weapon)
 b - a +1,+1 shortbow
 x - a +0,+0 short sword
 B - a +0,+0 short sword
Armour
 d - a +0 leather armour
 e - a +0 plate armour
 m - a +1 leather armour (worn)
 p - a +0 cloak (worn)
 v - a +0 buckler
Magical devices
 C - a wand of fireball (4) {unknown}
Comestibles
 f - 3 bread rations
 g - a pear
 j - an orange
 n - an apple
 r - a choko
 A - a meat ration
 D - 2 rotting chunks of worker ant flesh
Scrolls
 h - 2 scrolls of fog {unknown}
 i - 4 scrolls of identify {unknown}
 l - a scroll of random uselessness {unknown}
 t - 4 scrolls of fear {unknown}
 u - a scroll of enchant weapon II {unknown}
 w - 2 scrolls of remove curse {unknown}
 y - a scroll of magic mapping {unknown}
Jewellery
 q - an uncursed amulet of rage {unknown}
Potions
 s - a potion of agility {unknown}
 z - a potion of poison {unknown}


   Skills:
 - Level 1.0 Fighting
 * Level 10.2 Bows
 - Level 2.1 Dodging
 - Level 1.1 Stealth


You had 5 spell levels left.
You didn't know any spells.

Dungeon Overview and Level Annotations

Branches:
Dungeon (4/15)
 Temple: D:4-7

Altars:
Cheibriados
Elyvilon

Annotations:
D:4 Prince Ribbit


Message History

Press: ? - help, Shift-Dir - straight line, f/p - Prince Ribbit
Aim: Prince Ribbit
Okay, then.
Firing (i - inventory): No suitable missiles.
Press: ? - help, Shift-Dir - straight line, f/p - Prince Ribbit
Aim: Prince Ribbit
Okay, then.
Firing (i - inventory): No suitable missiles.
Press: ? - help, Shift-Dir - straight line, f/p - Prince Ribbit
Aim: Prince Ribbit
Okay, then.
It begins to drip with poison!
a - a +2,+1 dagger of venom (weapon)
Prince Ribbit hops awkwardly around.
Prince Ribbit completely misses you.
Prince Ribbit momentarily phases out as your attack passes through him.
Prince Ribbit hits you.
* * * LOW HITPOINT WARNING * * *
You closely miss Prince Ribbit. Prince Ribbit hits you!
You die...

...............)(.####..#
........................#
.########..#####).......#
.# #..# #..####..# .#
#..# #..# #..# .######
#..# #..# #..# .......
...# #..# #..#
...........# #F.# #..#
...........# #@.# #..#
...........# #..####..#
...........#####...)....#
........................#
..................####..#
...........#####..# #..#
...........# #..# #..#
...........# #..# #..#
%..........# #..# #..#


You could see Prince Ribbit.

Vanquished Creatures
  An ogre (D:4)
  A scorpion (D:4)
  3 orc wizards
  A worker ant (D:4)
  6 gnolls
  A giant mite (D:4)
  A worm (D:2)
  2 giant geckos
  7 orcs
  11 bats
  2 giant cockroaches
  10 hobgoblins
  10 jackals
  A quokka (D:3)
  3 giant newts
  2 goblins (D:1)
  9 kobolds
  8 rats
79 creatures vanquished.

Notes
Turn   | Place    | Note
--------------------------------------------------------------
     0 | D:1      | Quh, the High Elf Hunter, began the quest for the Orb.
     0 | D:1      | Reached XP level 1. HP: 13/13 MP: 2/2
   176 | D:1      | Reached XP level 2. HP: 18/18 MP: 3/3
   205 | D:1      | Reached skill level 6 in Bows
  1120 | D:2      | Reached XP level 3. HP: 19/23 MP: 5/5
  1244 | D:2      | Found a snail-covered altar of Cheibriados.
  1484 | D:2      | Reached skill level 7 in Bows
  1708 | D:3      | Found a white marble altar of Elyvilon.
  2128 | D:3      | Reached XP level 4. HP: 28/28 MP: 7/7
  2337 | D:4      | Noticed an ogre
  2343 | D:4      | Killed an ogre
  2343 | D:4      | Reached skill level 8 in Bows
  2343 | D:4      | Reached XP level 5. HP: 33/33 MP: 8/8
  2392 | D:4      | Reached skill level 9 in Bows
  2752 | D:4      | Reached XP level 6. HP: 31/38 MP: 10/10
  2972 | D:4      | Reached skill level 10 in Bows
  2994 | D:4      | Noticed Prince Ribbit
  3022 | D:4      | Mangled by Prince Ribbit

Action                   |  1- 3 |  4- 6 || total
-------------------------+-------+-------++-------
Melee: Short sword       |   224 |       ||   224
       Dagger            |       |    35 ||    35
 Fire: Shortbow          |     8 |    95 ||   103
  Use: Potion            |       |     2 ||     2
 Stab: Sleeping          |     1 |       ||     1
